 Dungeon Crawl Stone Soup version 0.23.0 (webtiles) character file.

Game seed: 9897593484910729621

829 Mgcat the Covered (level 8, -16/61 HPs)
             Began as a Human Fighter on Feb 12, 2019.
             Was an Initiate of Ashenzari.
             Demolished by an ogre
             ... wielding a +0 giant club
              (21 damage)
             ... on level 3 of the Dungeon.
             The game lasted 00:11:15 (4836 turns).

Mgcat the Covered (Human Fighter)                   Turns: 4836, Time: 00:11:16

Health: -16/61     AC:  7    Str: 18    XL:     8   Next: 18%
Magic:  8/8        EV:  9    Int:  9    God:    Ashenzari [......]
Gold:   119        SH:  9    Dex: 13    Spells: 7/7 levels left

rFire    . . .     SeeInvis .   a - +0 war axe
rCold    . . .     Gourm    .   c - +0 shield
rNeg     . . .     Faith    .   b - +0 scale mail
rPois    .         Spirit   .   (no helmet)
rElec    .         Reflect  .   (no cloak)
rCorr    .         Harm     .   (no gloves)
MR       .....                  (no boots)
Stlth    +.........             (no amulet)
HPRegen  0.20/turn              l - ring of stealth {Stlth+}
MPRegen  0.11/turn              (no ring)

@: no status effects
A: no striking features
a: Curse Item, Renounce Religion


You were on level 3 of the Dungeon.
You worshipped Ashenzari.
Ashenzari was noncommittal.
You were not hungry.

You visited 1 branch of the dungeon, and saw 3 of its levels.

You collected 119 gold pieces.

Inventory:

Hand Weapons
 a - a +0 war axe (weapon)
Missiles
 d - 3 throwing nets {=f, !d}
Armour
 b - a +0 scale mail (worn)
 c - a +0 shield (worn)
Jewellery
 l - a ring of stealth (left hand) {Stlth+}
   (You found it on level 2 of the Dungeon)
Scrolls
 e - 3 scrolls of remove curse
 i - 3 scrolls of identify
 k - a scroll of random uselessness {unknown}
 m - a scroll of enchant weapon {unknown}
 n - a scroll of fog
 o - a scroll of magic mapping {unknown}
Potions
 h - 2 potions of heal wounds
 j - a potion of agility
 p - a potion of resistance {unknown}
 q - a potion of berserk rage {!q}
 r - 2 potions of curing
 s - a potion of haste {unknown}
 t - a potion of mutation {unknown}
 u - a potion of lignification {unknown}
Comestibles
 f - 5 rations
 g - 8 chunks of flesh {@w0}


   Skills:
 + Level 4.8 Fighting
 + Level 4.2 Axes
 + Level 4.9 Armour
 + Level 3.5 Dodging
 + Level 4.8 Shields


You had 7 spell levels left.
You didn't know any spells.
Your spell library was empty.

Dungeon Overview and Level Annotations

Branches:
Dungeon (3/15)

Altars:
Ashenzari
Makhleb


Message History

The gnoll is almost dead.
The gnoll barely misses you.
Spoiler Alert: The gnoll can hit for moderate damage in melee, and throws nets!
You hit the gnoll but do no damage.
The gnoll is almost dead.
You block the gnoll's attack.
You hit the gnoll but do no damage.
The gnoll is almost dead.
The gnoll hits you with a +0 flail.
You take 2 damage, and have 50/61 hp.
Spoiler Alert: The gnoll can hit for moderate damage in melee, and throws nets!
You hit the gnoll.
You kill the gnoll!
No target in view!
No target in view!
r - 2 potions of curing (gained 1)
There is an open door, spattered with blood here.
Key pressed, stopping explore.
Things that are here:
a +0 halberd x2
You butcher the gnoll corpse.
g - 8 chunks of flesh {@w0} (gained 2)
Items here: ))) ÷ a +0 spear; a +0 flail x2; a gnoll skeleton
Items here: ))) ÷ a +0 spear; a +0 flail x2; a gnoll skeleton
Things that are here:
a +0 halberd x2
Key pressed, stopping explore.
Key pressed, stopping explore.
There is an open door, spattered with blood here.
There is an open door here.
An ogre comes into view. It is wielding a +0 giant club.
The ogre shouts!
A gnoll comes into view. It is wielding a +0 halberd.
You regained 4 hp, and now have 54/61 hp.
Warning x2: The ogre can hit for high damage in melee!
The gnoll (wandering) can hit for moderate damage in melee, and throws nets!
The gnoll shouts!
A gnoll shaman comes into view. It is wielding a +0 club.
Warning x3: The gnoll can hit for moderate damage in melee, and throws nets!
The ogre can hit for high damage in melee!
The gnoll shaman (wandering) can heal itself and can heal or Haste other gnolls!
Unknown command.
Warning x3: The gnoll can hit for moderate damage in melee, and throws nets!
The ogre can hit for high damage in melee!
The gnoll shaman (wandering) can heal itself and can heal or Haste other gnolls!
Unknown command.
Warning x3: The gnoll can hit for moderate damage in melee, and throws nets!
The ogre can hit for high damage in melee!
The gnoll shaman (wandering) can heal itself and can heal or Haste other gnolls!
Warning x3: The gnoll can hit for moderate damage in melee, and throws nets!
The ogre can hit for high damage in melee!
The gnoll shaman (wandering) can heal itself and can heal or Haste other gnolls!
There is an open door here.
Spoiler Alert: The ogre can hit for high damage in melee!
You aren't carrying any items that you can evoke.
Unknown command.
Okay, then.
Okay, then.
Okay, then.
Unknown command.
Spoiler Alert: The ogre can hit for high damage in melee!
Unknown command.
Curse which item? (3 remove curse scrolls left) (Esc to abort) (? for menu, Esc to quit)
Okay, then.
Unknown command.
Unknown command.
Unknown command.
Spoiler Alert: The ogre can hit for high damage in melee!
Unknown command.
Okay, then.
As you read the scroll of identify, it crumbles to dust.
h - 2 potions of heal wounds
As you read the scroll of identify, it crumbles to dust.
j - a potion of agility Warning x2: The ogre can hit for high damage in melee!
The gnoll can hit for moderate damage in melee, and throws nets!
As you read the scroll of identify, it crumbles to dust.
q - a potion of berserk rage Warning x2: The ogre can hit for high damage in melee!
The gnoll can hit for moderate damage in melee, and throws nets!
You hit the ogre.
The ogre is moderately wounded.
The ogre hits you with a +0 giant club! The gnoll barely misses you.
You take 9 damage, and have 46/61 hp.
Warning x2: The ogre can hit for high damage in melee!
The gnoll can hit for moderate damage in melee, and throws nets!
You completely miss the ogre.
The ogre is moderately wounded.
The ogre hits you with a +0 giant club! The gnoll closely misses you.
You take 11 damage, and have 35/61 hp.
Warning x2: The ogre can hit for high damage in melee!
The gnoll can hit for moderate damage in melee, and throws nets!
You slash the ogre!
The ogre is heavily wounded.
The ogre hits you with a +0 giant club! The gnoll barely misses you.
You take 14 damage, and have 21/61 hp.
MASSIVE DAMAGE!!
Warning x2: The ogre can hit for high damage in melee!
The gnoll can hit for moderate damage in melee, and throws nets!
You slash the ogre!
The ogre is almost dead.
The ogre hits you with a +0 giant club!
* * * LOW HITPOINT WARNING * * *
The gnoll hits you from afar with a +0 halberd.
* * * LOW HITPOINT WARNING * * *
The ogre closely misses you.
You take 16 damage, and have 5/61 hp.
MASSIVE DAMAGE!!
Warning x2: The ogre can hit for high damage in melee!
The gnoll can hit for moderate damage in melee, and throws nets!
You hit the ogre.
The ogre is almost dead.
You block the gnoll's attack.
The ogre hits you with a +0 giant club!!
You die...

################################
#......P..................÷.....
#..............P................
#....≈≈≈≈≈≈≈≈≈≈≈≈≈≈≈≈≈≈≈≈≈≈≈≈≈≈≈
#....≈≈≈≈≈≈≈≈≈≈≈≈≈≈≈≈≈≈≈≈≈≈≈≈≈≈≈
#....≈≈#####≈≈≈≈≈≈≈≈≈≈≈≈≈≈≈≈≈≈≈≈
#....≈≈#g..#........[...........
#....≈≈#...#####################
#....≈≈###'#...@Og.......#
#....≈≈≈.#.#....###'######
#....≈≈≈.#.#....# ...
#....≈≈≈.#.###'## ..O.g
#....≈≈≈.#....).# .....g.
#.P.)≈≈≈.#......# .......
#.(..≈≈≈.#)#####################
#....≈≈≈.#)#÷.).)....÷.#....#..)
#....≈≈≈.#)'.).........'.)..')..


You could see an ogre and a gnoll.

Vanquished Creatures
  A phantom (D:3)
  A hound (D:2)
  An orc priest (D:3)
  Jessica (D:3)
  2 gnoll shamans (D:3)
  An orc wizard (D:3)
  37 gnolls
  8 adders
  A howler monkey skeleton (D:3)
  5 worms
  3 dart slugs
  4 leopard geckos
  3 orcs (D:3)
  5 bats
  4 giant cockroaches
  7 goblins
  9 hobgoblins
  22 jackals
  7 kobolds
  A quokka (D:3)
  4 frilled lizards
  8 rats
135 creatures vanquished.

Notes
Turn   | Place    | Note
-------+----------+-------------------------------------------
     0 | D:1      | Mgcat the Human Fighter began the quest for the Orb.
     0 | D:1      | Reached XP level 1. HP: 18/18 MP: 1/1
    40 | D:1      | Reached XP level 2. HP: 13/24 MP: 2/2
   252 | D:1      | Reached XP level 3. HP: 21/29 MP: 3/3
   537 | D:1      | Reached skill level 1 in Dodging
  1055 | D:2      | Found a shattered altar of Ashenzari.
  1068 | D:2      | Became a worshipper of Ashenzari the Shackled
  1139 | D:2      | Found a burning altar of Makhleb.
  1148 | D:2      | Reached XP level 4. HP: 19/35 MP: 4/4
  1633 | D:2      | Reached XP level 5. HP: 40/41 MP: 5/5
  2401 | D:3      | Reached skill level 2 in Dodging
  2447 | D:3      | Reached skill level 3 in Axes
  2464 | D:3      | Reached XP level 6. HP: 44/48 MP: 6/6
  2575 | D:3      | Noticed Jessica
  2593 | D:3      | Killed Jessica
  2598 | D:3      | Reached skill level 4 in Armour
  2680 | D:3      | Reached skill level 4 in Shields
  2681 | D:3      | Reached skill level 4 in Fighting
  2910 | D:3      | HP: 6/48 [orc/+1 falchion of electrocution (19)]
  3214 | D:3      | Noticed a phantom
  3261 | D:3      | Killed a phantom
  3261 | D:3      | Reached XP level 7. HP: 42/54 MP: 7/7
  3769 | D:3      | Reached skill level 3 in Dodging
  4105 | D:3      | HP: 10/55 [gnoll/+0 halberd (6)]
  4107 | D:3      | HP: 4/55 [gnoll shaman/+2 whip of flaming (5)]
  4113 | D:3      | HP: 8/55 [gnoll shaman/+2 whip of flaming (4)]
  4146 | D:3      | HP: 11/55 [gnoll/+0 spear (3)]
  4148 | D:3      | Reached skill level 4 in Axes
  4152 | D:3      | HP: 5/55 [gnoll/+0 club (6)]
  4477 | D:3      | Reached XP level 8. HP: 54/61 MP: 8/8
  4835 | D:3      | HP: 9/61 [ogre/+0 giant club (13)]
  4836 | D:3      | Demolished by an ogre

Skill      XL: |  1  2  3  4  5  6  7 |
---------------+----------------------+-----
Dodging        | 1 2 3 |  3.5
Axes           | 3 4 |  4.2
Armour         | 4 |  4.9
Shields        | 4 |  4.8
Fighting       | 4 |  4.8

Action                   |  1- 3 |  4- 6 |  7- 9 || total
-------------------------+-------+-------+-------++-------
Melee: War axe           |   127 |   248 |   194 ||   569
Throw: Stone             |       |     1 |       ||     1
  Use: Potion            |       |       |     5 ||     5
       Scroll            |       |       |     4 ||     4
  Eat: Chunk             |     1 |     7 |     6 ||    14
Armor: Scale mail        |    72 |    90 |    51 ||   213
Dodge: Dodged            |    49 |    91 |    76 ||   216
Block: Shield            |    73 |   130 |   113 ||   316

Levels and vault maps discovered:
D:1:      minmay_arrival_five_plusses, layout_basic
D:2:      layout_basic, ashenzari_altar_1, first_ration, chequers_jeans,
          makhleb_heckhound_becter
D:3:      lemuel_castle_with_subvaults [lemuel_castle_interior_carwin_1],
          layout_loops_cross, ebering_ghost_disaster_area, serial_rivers,
          chequers_serial_rivers_large_b, chequers_serial_rivers_room_b,
          chequers_serial_rivers_room_b, chequers_serial_rivers_marsh,
          hangedman_decor_growths, nicolae_qazlal_eye_of_the_storm, uniq_jessica

Table legend:
 A = Turns spent in this place as a percentage of turns spent in the entire game.
 B = Non-inter-level travel turns spent in this place as a percentage of non-inter-level travel turns spent in the entire game.
 C = Inter-level travel turns spent in this place as a percentage of turns spent in this place.
 D = Turns resting spent in this place as a percentage of non-inter-level travel turns spent in this place.
 E = Turns spent auto-exploring this place as a percentage of non-inter-level travel turns spent in this place.
 F = Non-inter-level travel turns spent in this place divided by the number of levels of this place that you've seen.
                   A       B       C       D       E      F
               +-------+-------+-------+-------+-------+----------------------
         Total | 100.0 | 100.0 |   2.7 |  23.8 |  51.0 | 1568.3
       Dungeon | 100.0 | 100.0 |   2.7 |  23.8 |  51.0 | 1568.3
               +-------+-------+-------+-------+-------+----------------------

Table legend:
 A = Kills in this place as a percentage of kills in entire the game.
 B = Kills by you in this place as a percentage of kills by you in the entire game.
 C = Kills by friends in this place as a percentage of kills by friends in the entire game.
 D = Other kills in this place as a percentage of other kills in the entire game.
 E = Experience gained in this place as a percentage of experience gained in the entire game.
 F = Experience gained in this place divided by the number of levels of this place that you have seen.
                   A       B       C       D       E      F
               +-------+-------+-------+-------+-------+----------------------
         Total | 100.0 | 100.0 |   N/A |   N/A | 100.0 | 395.0
       Dungeon | 100.0 | 100.0 |   N/A |   N/A | 100.0 | 395.0
               +-------+-------+-------+-------+-------+----------------------
